 Dungeon Crawl Stone Soup version 0.30.1-11-g7821555f0a (webtiles) character file.

Game seed: 3675232669937670061

129 Groucho the Caller (level 4, 0/24 HPs)
             Began as a Deep Elf Summoner on Nov 29, 2023.
             Slain by Robin
             ... wielding a +0 spear
              (4 damage)
             ... on level 4 of the Dungeon.
             The game lasted 00:15:16 (7369 turns).

Groucho the Caller (Deep Elf Summoner)              Turns: 7369, Time: 00:15:16

Health: 0/24       AC:  2    Str: 11    XL:     4   Next: 88%
Magic:  9/12       EV: 13    Int: 22    God:
Gold:   68         SH:  0    Dex: 15    Spells: 8/11 levels left

rFire   . . .        e - +0 dagger
rCold   . . .        (no shield)
rNeg    . . .        a - +0 robe
rPois   .            (no helmet)
rElec   .            (no cloak)
rCorr   .            (no gloves)
SInv    .            (no boots)
Will    .....        (no amulet)
Stlth   ++           k - +6 ring of strength
HPRegen 0.24/turn    (no ring)
MPRegen 0.13/turn

%: no passive effects
@: no status effects
A: no striking features
a: no special abilities


You were on level 4 of the Dungeon.
You visited 1 branch of the dungeon, and saw 4 of its levels.

You collected 68 gold pieces.

Inventory:

Hand Weapons
 e - a +0 dagger (weapon)
Armour
 a - a +0 robe (worn)
 o - a +0 cloak
Jewellery
 k - a +6 ring of strength (left hand)
 l - an amulet of guardian spirit
 r - a ring of fire
Scrolls
 c - a scroll of amnesia {unknown}
 f - 3 scrolls of fog {unknown}
 i - a scroll of fear {unknown}
 j - 2 scrolls of magic mapping {unknown}
 m - a scroll of teleportation {unknown}
 n - a scroll of noise {unknown}
 p - a scroll of identify {unknown}
 q - a scroll of vulnerability {unknown}
Potions
 b - 2 potions of magic
 d - 2 potions of heal wounds
 g - 2 potions of degeneration {unknown}
 h - 2 potions of berserk rage {unknown}
 s - a potion of brilliance {unknown}


   Skills:
 + Level 0.7 Fighting
 + Level 1.0 Short Blades
 + Level 3.7 Dodging
 - Level 2.9 Stealth
 + Level 4.3 Spellcasting
 + Level 5.1 Summonings


You had 8 spell levels left.
You knew the following spells:

 Your Spells              Type           Power      Damage    Failure   Level
a - Summon Small Mammal   Summ           100%       N/A       1%          1
b - Call Imp              Summ           54%        N/A       1%          2

Your spell library contained the following spells:

 Spells                   Type           Power      Damage    Failure   Level
 Call Canine Familiar     Summ           27%        N/A       4%          3
 Summon Guardian Golem    Hex/Summ       16%        N/A       12%         3
 Summon Lightning Spire   Summ/Air       16%        N/A       36%         4


Dungeon Overview and Level Annotations

Branches:
Dungeon (4/15)
 Temple: D:4-7

Altars:

Annotations:
D:4 Robin


Message History

The hound bites you.
Your cerulean imp hits the goblin from afar with a -2 spear.
You swap places.
A hobgoblin comes into view.
The hobgoblin shouts!
The hound misses you.
The goblin closely misses your cerulean imp.
The sleepcap releases spores at your cerulean imp.
Your cerulean imp is engulfed in a cloud of soporific spores!
Robin roars a battlecry!
The goblin goes into a battle-frenzy!
Your cerulean imp hits the sleepcap but does no damage.
Unknown command.
The hound attacks as you move away! The hound completely misses you.
The hound barely misses you.
The goblin unwields a +0 club.
The goblin wields a +0 sling.
The goblin shoots a sling bullet.
The sling bullet misses your cerulean imp.
The sling bullet misses the hound.
The sling bullet misses you.
The sleepcap closely misses your cerulean imp.
Robin throws the goblin at you!
Your cerulean imp hits the sleepcap with a -2 spear.
Unknown command.
Casting: Call Imp (safe; 1% risk of failure)
Confirm with . or Enter, or press ? or * to list all spells.
The hound barely misses you.
The sleepcap barely misses your cerulean imp.
The goblin hits you with a +0 dagger.
* * * LOW HITPOINT WARNING * * *
Robin flexes a bicep menacingly.
Your cerulean imp hits the sleepcap but does no damage.
The goblin unwields a +0 sling.
The goblin wields a +0 club.
The goblin hits your cerulean imp but does no damage.
Unknown command.
Unknown command.
Casting: Summon Small Mammal (safe; 1% risk of failure)
Confirm with . or Enter, or press ? or * to list all spells.
The hound barely misses you. The hound bites you but does no damage.
Your quokka bites Robin.
The sleepcap misses your cerulean imp.
Robin hits you from afar with a +0 spear.
You die...

. #.....# ⌠..
#.....# ..
.8...####.#+## ...
⌠.........#.###....
.8.#####...........
.#####.gf....###
.......5.)...#
######.h.r...#
#.@.ggg.#
#gr....g.g.
###.######g #.# .
..# ###


You could see a sleepcap (ally target), a hound, Robin (ally target), a
hobgoblin (strong), 5 goblins, a friendly cerulean imp (summoned) and 2 friendly
quokkas.

Vanquished Creatures
  A shadow imp (D:4)
  A worm (D:3)
  5 ball pythons
  2 endoplasms
  4 goblins
  4 hobgoblins
  2 jackals (D:3)
  A kobold (D:2)
  3 quokkas (D:1)
  2 bats
  4 frilled lizards
  8 rats
37 creatures vanquished.

Vanquished Creatures (collateral kills)
  Crazy Yiuf (D:2)
  4 worms
  A dart slug (D:2)
  An orc (D:3)
  4 endoplasms
  3 giant cockroaches
  3 goblins
  3 hobgoblins
  3 jackals (D:1)
  A quokka (D:2)
  4 ball pythons
  4 bats
  4 kobolds
  A rat (D:1)
37 creatures vanquished.

Grand Total: 74 creatures vanquished

Notes
Turn   | Place    | Note
-------+----------+-------------------------------------------
     0 | D:1      | Groucho the Deep Elf Summoner began the quest for the Orb.
     0 | D:1      | Reached XP level 1. HP: 10/10 MP: 6/6
   126 | D:1      | Reached XP level 2. HP: 15/15 MP: 6/8
   622 | D:1      | Learned a level 2 spell: Call Imp
  1115 | D:1      | Reached XP level 3. HP: 18/19 MP: 10/10
  2904 | D:2      | Found a faded altar of an unknown god.
  3359 | D:2      | Found a runed translucent door.
  3360 | D:2      | Noticed Crazy Yiuf
  3929 | D:2      | Killed Crazy Yiuf
  3930 | D:2      | Reached skill level 5 in Summonings
  3930 | D:2      | Reached XP level 4. HP: 24/24 MP: 1/12
  7012 | D:4      | Reached skill level 1 in Short Blades
  7358 | D:4      | Noticed Robin
  7369 | D:4      | Slain by Robin

Illustrated notes

Levels and vault maps discovered:
D:1:      psy_arrival_whirlpool, layout_basic
D:2:      layout_basic, ebering_ecumenical_altar_webs, uniq_crazy_yiuf_cottage
D:3:      layout_rooms, kennysheep_cross_room, minmay_misc_feat_tower,
          minmay_misc_feat_room
D:4:      layout_basic, lemuel_doored_altar, xom_confusion_cloud,
          minmay_temple_entry_statues_fountains, uniq_robin

Skill      XL: |  1  2  3  4 |
---------------+-------------+-----
Dodging        | 3 |  3.7
Spellcasting   | 4 |  4.3
Summonings     | 5 |  5.1
Short Blades   | 1 |  1.0
Fighting       | |  0.7
Stealth        | |  2.9

Action                     |  1- 3 |  4- 6 || total
---------------------------+-------+-------++-------
  Melee: Dagger            |   133 |    69 ||   202
   Cast: Summon Small Mamm |    26 |    12 ||    38
         Call Imp          |    10 |    12 ||    22
    Use: Potion            |     1 |     1 ||     2
   Stab: Sleeping          |     9 |     5 ||    14
 Armour: Robe              |    25 |    20 ||    45
  Dodge: Dodged            |    97 |    82 ||   179
